 Dungeon Crawl Stone Soup version 0.19.4-8-ga85b6b9 (console) character file.

8012 Kloppie the Fighter (level 11, -4/90 HPs)
             Began as a Demonspawn Berserker on Feb 7, 2017.
             Was a High Priest of Trog.
             Slain by an orc
             ... wielding a +0 trident
              (5 damage)
             ... on level 10 of the Dungeon.
             The game lasted 00:13:04 (11606 turns).

Kloppie the Fighter (Demonspawn Berserker)         Turns: 11606, Time: 00:13:04

Health: -4/90      AC: 12    Str: 20    XL:     11   Next: 4%
Magic:  0/9        EV: 16    Int:  9    God:    Trog [*****.]
Gold:   545        SH:  0    Dex: 15    Spells: 0 memorised, 10 levels left

rFire  + . .     SeeInvis .     a - +1 scimitar (flame)
rCold  . . .     Gourm    .     y - +0 scale mail
rNeg   . . .     Faith    +     (no shield)
rPois  .         Spirit   +     (no helmet)
rElec  .         Reflect  .     (no cloak)
rCorr  .         Harm     .     (no gloves)
MR     ++...                    (no boots)
Stlth  ..........               n - amulet of faith
                                r - +3 ring of evasion
                                p - ring of protection from fire

@: exhausted, regenerating, slowed, very slow
A: claws 1, iridescent scales 2, low mp 1, powered by pain 1, strong 1,
evolution 1, magic shield, no device heal 1
a: Berserk, Trog's Hand, Brothers in Arms, Burn Spellbooks, Renounce Religion


You were on level 10 of the Dungeon.
You worshipped Trog.
Trog was extremely pleased with you.
You were very hungry.

You visited 1 branch of the dungeon, and saw 10 of its levels.

You collected 545 gold pieces.

Inventory:

Hand Weapons
 a - a +1 scimitar of flaming (weapon)
 q - a +0 falchion
 A - a +0 long sword
Armour
 l - a +0 shield
 y - a +0 scale mail (worn)
Jewellery
 n - an amulet of faith (around neck)
 p - a ring of protection from fire (left claw)
 r - a +3 ring of evasion (right claw)
 t - an uncursed amulet of the gourmand {unknown}
Wands
 b - a wand of paralysis (14/24)
 v - a wand of random effects (48/48)
Scrolls
 e - 8 scrolls of identify
 f - 3 scrolls of recharging
 i - 2 scrolls of remove curse
 k - a scroll of fog
Potions
 d - a potion of heal wounds
 g - a potion of cancellation
 s - a potion of haste
 x - a potion of magic
 z - a potion of brilliance
 B - a potion of ambrosia {unknown}
Books
 m - a book of Flames

   Spells                             Type                      Level
   a - Flame Tongue                   Conjuration/Fire             1
   b - Throw Flame                    Conjuration/Fire             2
   c - Conjure Flame                  Conjuration/Fire             3
   d - Inner Flame                    Hexes/Fire                   3
   e - Sticky Flame                   Conjuration/Fire             4
   f - Fireball                       Conjuration/Fire             5
   Trog disapproves of the use of such an item.
Comestibles
 c - 7 bread rations
 h - 3 beef jerkies
 j - 9 fruits
 o - 5 chunks of flesh
 w - 2 slices of pizza


   Skills:
 - Level 10.0 Fighting
 + Level 9.3 Long Blades
 - Level 7.8 Armour
 * Level 6.1 Dodging


You had 10 spell levels left.
You didn't know any spells.

Dungeon Overview and Level Annotations

Branches:
Dungeon (10/15)            Temple (0/1) D:6
   Lair: D:8-11         Orc: D:9-12

Altars:
Cheibriados
Elyvilon
Gozag
Uskayaw
Vehumet
The Shining One

Shops:
D:2 *   D:8 %


Innate Abilities, Weirdness & Mutations

You have sharp fingernails.
You are mostly covered in iridescent scales. (AC +4)
You sometimes gain a little power by taking damage.
When hurt, damage is shared between your health and your magic reserves.
Your magical capacity is low. (-10% MP)
Your muscles are strong. (Str +2)
You evolve.
Potions and wands are less effective at restoring your health.


Message History

The orc completely misses you.
Your system partially rejects the healing.
You feel much better.
The electric eel shoots out a bolt of lightning at you!
The bolt of electricity misses you. The bolt of electricity hits you!
* * * LOW HITPOINT WARNING * * *
The orc misses you.
The electric eel shoots out a bolt of lightning at you!
The bolt of electricity hits you!
* * * LOW HITPOINT WARNING * * *
The bolt of electricity hits you!
* * * LOW HITPOINT WARNING * * *
You focus on the pain.
You feel your power returning. The orc barely misses you.
The electric eel shoots out a bolt of lightning at you!
The bolt of electricity hits you!
* * * LOW HITPOINT WARNING * * *
The bolt of electricity misses you. The orc hits you with a trident.
You die...

≈≈≈≈≈≈≈≈≈≈≈≈≈≈
≈≈≈≈≈≈≈≈≈≈≈≈≈≈≈≈≈≈
≈≈≈≈≈≈≈≈≈≈≈≈≈≈≈≈≈#
≈≈≈≈≈≈≈≈≈≈≈≈≈≈≈≈≈≈
≈≈≈≈≈≈≈≈≈≈≈≈≈≈≈≈≈≈
≈≈≈≈≈#≈≈≈≈≈≈≈≈≈≈≈≈
≈≈≈≈.≈≈;.≈≈≈≈≈≈#
≈≈≈≈≈.≈(≈≈..≈#
..≈...#@o...##
##.#...<##<).#
#.#..#<#..## ..
##. ....# ## .#
###!# .# ## .. ##


You could see an electric eel and an orc.

Vanquished Creatures
  Erica (D:8)
  Pikel (D:7)
  A hill giant (D:6)
  A cyclops (D:8)
  Psyche (D:8)
  Prince Ribbit (D:7)
  A hippogriff (D:9)
  A spriggan (D:7)
  7 yaks (D:9)
  A hungry ghost (D:8)
  Menkaure (D:5)
  An orc warrior (D:8)
  3 phantoms
  3 ice beasts
  2 sky beasts
  2 black bears
  2 ogres (D:4)
  5 centaurs
  6 bullfrogs
  A wyvern skeleton (D:9)
  6 scorpions
  9 killer bees
  2 electric eels (D:10)
  2 howler monkeys
  4 crimson imps
  2 centaur skeletons
  6 hounds
  A jelly (D:4)
  A bullfrog skeleton (D:7)
  5 orc priests
  3 orc wizards
  2 iguanas
  8 worker ants
  2 hound zombies (D:9)
  A hound skeleton (D:5)
  A howler monkey zombie (D:6)
  9 adders
  8 gnolls
  A shadow imp (D:8)
  An ooze (D:4)
  2 adder zombies (D:7)
  3 worms
  2 dart slugs (D:1)
  7 leopard geckos
  26 orcs
  3 ball pythons
  12 bats
  3 giant cockroaches
  3 hobgoblins (D:1)
  8 jackals
  12 kobolds
  3 quokkas
  6 frilled lizards
  6 goblins
  8 rats
220 creatures vanquished.

Vanquished Creatures (others)
  An orc priest (D:3)
  An adder (D:3)
  An orc (D:10)
3 creatures vanquished.

Grand Total: 223 creatures vanquished

Notes
Turn   | Place    | Note
-------+----------+-------------------------------------------
     0 | D:1      | Kloppie the Demonspawn Berserker began the quest for the Orb.
     0 | D:1      | Reached XP level 1. HP: 18/18 MP: 1/1
   136 | D:1      | Gained mutation: You have sharp fingernails. [demonic ancestry]
   136 | D:1      | Reached XP level 2. HP: 24/24 MP: 2/2
   550 | D:1      | Reached XP level 3. HP: 18/30 MP: 3/3
   641 | D:1      | Reached skill level 4 in Fighting
   850 | D:1      | Reached ** piety under Trog
  1663 | D:2      | Found Gozag's Platinum Reserve.
  1673 | D:2      | Found an opulent altar of Gozag.
  1685 | D:2      | Reached XP level 4. HP: 37/38 MP: 4/4
  1841 | D:3      | Found a white marble altar of Elyvilon.
  2226 | D:3      | Found a radiant altar of Vehumet.
  2236 | D:3      | Reached skill level 5 in Fighting
  2471 | D:3      | Reached XP level 5. HP: 43/44 MP: 5/5
  2578 | D:3      | Reached *** piety under Trog
  4095 | D:4      | Gained mutation: When hurt, damage is shared between your health and your magic reserves. [demonic ancestry]
  4095 | D:4      | Reached XP level 6. HP: 48/52 MP: 6/6
  4135 | D:4      | Reached skill level 6 in Fighting
  4975 | D:4      | Reached skill level 7 in Fighting
  4975 | D:4      | Reached XP level 7. HP: 35/60 MP: 2/7
  5639 | D:4      | Reached skill level 5 in Long Blades
  5683 | D:5      | Entered Level 5 of the Dungeon
  5787 | D:5      | Reached skill level 8 in Fighting
  6062 | D:5      | Noticed Menkaure
  6073 | D:5      | Killed Menkaure
  6073 | D:5      | Gained mutation: You are partially covered in iridescent scales. (AC +2) [demonic ancestry]
  6073 | D:5      | Reached XP level 8. HP: 61/69 MP: 4/8
  6553 | D:5      | Reached skill level 9 in Fighting
  6688 | D:6      | Found a staircase to the Ecumenical Temple.
  6727 | D:6      | Found a white marble altar of Elyvilon.
  6727 | D:6      | Found a snail-covered altar of Cheibriados.
  6911 | D:6      | Noticed a hill giant
  6923 | D:6      | Killed a hill giant
  6923 | D:6      | Reached skill level 10 in Fighting
  7249 | D:6      | Found a glowing golden altar of the Shining One.
  7372 | D:6      | Reached **** piety under Trog
  7372 | D:6      | Gained mutation: You are mostly covered in iridescent scales. (AC +4) [demonic ancestry]
  7372 | D:6      | Reached XP level 9. HP: 66/78 MP: 7/9
  8189 | D:7      | Received a gift from Trog
  8416 | D:7      | Reached skill level 5 in Armour
  8480 | D:7      | Noticed Prince Ribbit
  8648 | D:7      | Killed Prince Ribbit
  8780 | D:7      | Noticed Pikel
  8817 | D:7      | Killed Pikel
  9304 | D:8      | Gained mutation: You evolve. [potion of mutation]
  9304 | D:8      | Gained mutation: Your magical capacity is low. (-10% MP) [potion of mutation]
  9304 | D:8      | Gained mutation: Potions and wands are less effective at restoring your health. [potion of mutation]
  9397 | D:8      | Noticed Erica
  9412 | D:8      | Killed Erica
  9412 | D:8      | Gained mutation: You sometimes gain a little power by taking damage. [demonic ancestry]
  9412 | D:8      | Reached XP level 10. HP: 53/85 MP: 4/9
  9643 | D:8      | Found a hide-covered altar of Uskayaw.
  9656 | D:8      | Noticed Psyche
  9663 | D:8      | Killed Psyche
  9807 | D:8      | Found Opoperis's Food Emporium.
 10327 | D:8      | Noticed a cyclops
 10337 | D:8      | Killed a cyclops
 10743 | D:9      | Reached ***** piety under Trog
 10761 | D:9      | Reached skill level 5 in Dodging
 10905 | D:9      | Gained mutation: Your muscles are strong. (Str +2) [evolution]
 11028 | D:9      | Reached XP level 11. HP: 48/90 MP: 9/9
 11409 | D:10     | Entered Level 10 of the Dungeon
 11602 | D:10     | Received a gift from Trog
 11605 | D:10     | HP: 3/90 [electric eel/bolt of electricity (11)]
 11606 | D:10     | HP: 1/90 [electric eel/bolt of electricity (4)]
 11606 | D:10     | Slain by an orc

Skill      XL: |  1  2  3  4  5  6  7  8  9 10 11 |
---------------+----------------------------------+-----
Long Blades    | 3 4 5 6 8 9 |  9.3
Fighting       | 4 5 7 8 10 | 10.0
Armour         | 2 7 |  7.8
Dodging        | 5 6 |  6.1

Action                   |  1- 3 |  4- 6 |  7- 9 | 10-12 || total
-------------------------+-------+-------+-------+-------++-------
Melee: Falchion          |   116 |   233 |   137 |       ||   486
       Long sword        |       |       |   244 |    18 ||   262
       Scimitar          |       |       |       |   202 ||   202
Invok: Berserk           |       |     8 |     8 |     3 ||    19
       Trog's Hand       |       |     1 |     2 |     1 ||     4
  Use: Scroll            |       |     9 |     4 |       ||    13
       Potion            |       |     8 |     3 |     1 ||    12
  Eat: Chunk             |     3 |    15 |    17 |     8 ||    43
       Royal jelly       |       |     1 |     1 |       ||     2
       Meat ration       |       |       |     1 |     1 ||     2
Armor: Animal skin       |    32 |    17 |       |       ||    49
       Scale mail        |       |    53 |   134 |    66 ||   253
Dodge: Dodged            |    94 |   150 |   214 |   158 ||   616
       Rpst.: Falchion   |    38 |    54 |    17 |       ||   109
       Long sword        |       |       |    54 |     4 ||    58
       Scimitar          |       |       |       |    53 ||    53
